 Dungeon Crawl Stone Soup version 0.31-a0-1549-g5ff9445e89 (webtiles) character file.

Game seed: 18315958188904988563

1 Bill214 the Shield-Bearer (level 1, 0/18 HPs)
             Began as a Human Fighter on Jan 3, 2024.
             Slain by a frilled lizard (1 damage)
             ... on level 1 of the Dungeon.
             The game lasted 00:00:42 (66 turns).

Bill214 the Shield-Bearer (Human Fighter)             Turns: 66, Time: 00:00:43

Health: 0/18       AC:  6    Str: 16    XL:     1   Next: 20%
Magic:  1/1        EV:  8    Int:  8    God:
Gold:   5          SH:  4    Dex: 12    Spells: 0/0 levels left

rFire   . . .        a - +0 long sword
rCold   . . .        c - +0 buckler
rNeg    . . .        b - +0 scale mail
rPois   .            (no helmet)
rElec   .            (no cloak)
rCorr   .            (no gloves)
SInv    .            (no boots)
Will    .....        (no amulet) Stlth
                     (no ring)
HPRegen 0.23/turn    (no ring)
MPRegen 0.07/turn

%: no passive effects
@: no status effects
A: explore regen
a: no special abilities


You were on level 1 of the Dungeon.
You visited 1 branch of the dungeon, and saw 1 of its levels.

You collected 5 gold pieces.

Inventory:

Hand Weapons
 a - a +0 long sword (weapon)
Armour
 b - a +0 scale mail (worn)
 c - a +0 buckler (worn)
Potions
 d - a potion of might
 e - a potion of attraction {unknown}


   Skills:
 + Level 3.0 Fighting
 + Level 2.0 Long Blades
 + Level 3.0 Armour
 + Level 3.0 Shields


You couldn't memorise any spells.
You didn't know any spells.
Your spell library was empty.

Dungeon Overview and Level Annotations

Branches:
Dungeon (1/15)

Altars:


Innate Abilities, Weirdness & Mutations

You regain HP and MP as you explore.


Message History

The frilled lizard hisses.
The frilled lizard bites you.
The frilled lizard bites you but does no damage. x2
You block the frilled lizard's attack.
The frilled lizard bites you but does no damage. x2
You hit the frilled lizard.
You kill the frilled lizard!
The frilled lizard closely misses you.
The frilled lizard bites you but does no damage.
You block the frilled lizard's attack.
The frilled lizard bites you but does no damage.
The frilled lizard bites you.
You closely miss the frilled lizard.
The frilled lizard bites you but does no damage. x3
The frilled lizard bites you.
The frilled lizard barely misses you. x2
You block the frilled lizard's attack.
You slash the frilled lizard!
You kill the frilled lizard!
The frilled lizard bites you but does no damage. x2
The frilled lizard closely misses you. The frilled lizard barely misses you.
The frilled lizard bites you but does no damage.
The frilled lizard bites you.
The frilled lizard bites you but does no damage. x2
The frilled lizard bites you.
The frilled lizard bites you but does no damage.
The frilled lizard bites you. x2
* * * LOW HITPOINT WARNING * * *
You closely miss the frilled lizard.
The frilled lizard bites you but does no damage. x2
The frilled lizard bites you.
* * * LOW HITPOINT WARNING * * *
The frilled lizard bites you but does no damage.
The frilled lizard bites you.
* * * LOW HITPOINT WARNING * * *
You miss the frilled lizard. You block the frilled lizard's attack.
The frilled lizard barely misses you. x2; The frilled lizard bites you.
* * * LOW HITPOINT WARNING * * *
The frilled lizard completely misses you.
You block the frilled lizard's attack. The frilled lizard bites you.
You die...

#### ####### #...
#?....# ##.##
#.ll..##########..#
#.l@l:...........##
......lll...........##
~~~~......$.........#
~~~~~...............#
~~~~~...............#
~~~~................#
~~~~.####.............
..... #............#


You could see 7 frilled lizards.

Vanquished Creatures
  2 frilled lizards (D:1)
2 creatures vanquished.

Notes
Turn   | Place    | Note
-------+----------+-------------------------------------------
     0 | D:1      | Bill214 the Human Fighter began the quest for the Orb.
     0 | D:1      | Reached XP level 1. HP: 18/18 MP: 1/1
    66 | D:1      | Slain by a frilled lizard

Illustrated notes

Levels and vault maps discovered:
D:1:      matt_arrival_spirals, layout_rooms, minmay_lizard_pond

Action                     || total
---------------------------++-------
  Melee: Long sword        ||     8
 Armour: Scale mail        ||    33
  Dodge: Dodged            ||     9
  Block: Buckler           ||     6

Table legend: (Time is in decaauts)
 A = Elapsed time spent in this place.
 B = Non-inter-level travel time spent in this place.
 C = Inter-level travel time spent in this place.
 D = Time resting spent in this place.
 E = Time spent auto-exploring this place.
 F = Levels seen in this place.
 G = Mean time per level.
                   A        B        C        D        E       F      G
               +--------+--------+--------+--------+--------+-----+--------+
         Total |     68 |     68 |      0 |      0 |      0 |   1 |   68.0 |
       Dungeon |     68 |     68 |      0 |      0 |      0 |   1 |   68.0 |
               +--------+--------+--------+--------+--------+-----+--------+

Top non-repeatable levels by time:
     D:1: 68 daAuts
